Map: Catalyst LE

Players

Serral - Winner!

  • Race: Zerg Zerg
  • Spawn Location: 11:00

MaNa

  • Race: Protoss Protoss
  • Spawn Location: 5:00

Event: WCS Austin 2018

VOD

Have the link to the VOD?

Description

Time

  • Played on: June 3, 2018, 7:44 p.m.
  • Length: 8:36

All games in this series

Show
View Real Time Build Order
Export as new Build Order

Serral Zerg - Winner!

Build Orders: Hatch First 

Get SALT Encoding   

  12  0:00  Drone  
  13  0:12  Overlord  
  13  0:17  Drone  
  14  0:31  Drone x2  
  16  0:48  Hatchery  
  15  0:52  Drone  
  15  0:55  Drone  
  17  1:10  Spawning Pool  
  16  1:12  Extractor  
  16  1:14  Drone  
  17  1:18  Drone  
  17  1:21  Drone  
  18  1:28  Drone  
  19  1:39  Drone  
  20  1:49  Overlord  
  20  1:57  Queen  
  20  2:00  Queen  
  20  2:01  Zergling x2  
  25  2:02  Zergling x2  
  26  2:11  Drone, Metabolic Boost  
  26  2:14  Drone  
  28  2:21  Drone  
  28  2:22  Drone  
  30  2:32  Drone  
  30  2:33  Drone  
  32  2:44  Hatchery  
  32  2:47  Overlord  
  31  2:53  Queen  
  31  2:56  Drone  
  34  2:59  Drone  
  34  3:01  Drone  
  36  3:06  Drone x2  
  36  3:09  Overlord  
  36  3:12  Drone  
  39  3:13  Drone  
  39  3:17  Overlord  
  41  3:20  Drone  
  41  3:23  Drone  
  41  3:25  Overlord  
  42  3:27  Drone  
  42  3:32  Queen  
  45  3:36  Drone  
  45  3:38  Drone  
  45  3:39  Drone  
  48  3:43  Spore Crawler, Drone  
  48  3:46  Drone x2  
  50  3:51  Drone  
  51  3:56  Queen  
  51  4:00  Overlord  
  51  4:01  Spore Crawler  
  51  4:02  Drone  
  53  4:05  Drone x2  
  53  4:07  Drone  
  55  4:10  Drone x2  
  55  4:11  Drone  
  58  4:19  Drone x2  
  58  4:22  Drone x3  
  63  4:26  Lair  
  63  4:27  Extractor  
  63  4:28  Extractor  
  63  4:30  Zergling x6  
  64  4:37  Drone  
  65  4:38  Drone  
  65  4:39  Roach Warren  
  65  4:40  Overlord  
  65  4:42  Drone  
  65  4:43  Drone  
  65  4:45  Drone x2  
  69  4:49  Drone x3  
  71  4:54  Drone, Extractor  
  71  4:57  Evolution Chamber, Overlord  
  70  5:00  Overlord  
  70  5:03  Overlord  
  70  5:20  Roach x9  
  88  5:23  Zerg Missile Weapons Level 1  
  88  5:25  Glial Reconstitution  
  88  5:27  Roach  
  88  5:28  Roach  
  92  5:36  Roach x2  
  92  5:37  Roach  
  92  5:41  Overlord  
  98  5:44  Roach x3  
  98  5:48  Drone x2  
  106  5:53  Overlord  
  106  5:57  Extractor  
  106  5:58  Overlord x2  
  106  6:00  Spire  
  104  6:04  Extractor  
  104  6:08  Roach x4  
  104  6:09  Drone x2  
  104  6:10  Drone  
  114  6:16  Hatchery  
  113  6:20  Drone x4  
  113  6:25  Drone x4  
  117  6:30  Overlord  
  120  6:33  Drone x2  
  120  6:35  Overlord  
  120  6:37  Overlord  
  122  6:41  Overlord x2  
  122  6:43  Overlord  
  122  6:52  Overlord  
  120  7:12  Mutalisk x3  
  120  7:13  Mutalisk x6  
  138  7:20  Hatchery  
  138  7:22  Mutalisk x2  
  137  7:38  Roach x5  
  137  7:44  Roach x4  
  155  7:45  Roach  
  155  7:48  Roach x2  
  160  7:52  Roach x3  
  160  7:56  Roach  
  160  7:57  Roach  
  170  8:01  Roach x4  
  170  8:03  Zergling x18  
  187  8:06  Zergling x2  
  187  8:08  Ravager  
  187  8:10  Ravager x2  
  187  8:13  Zergling x6  
Show
View Real Time Build Order
Export as new Build Order

MaNa Protoss 

Build Orders: 1 Gate Expand, Oracle Opening, Phoenix Opening, Archon Immortal, Zealot Archon, Archon Drop 

Get SALT Encoding   

  12  0:00  Probe  
  13  0:12  Probe  
  14  0:18  Pylon  
  14  0:24  Probe  
  15  0:32  Probe  
  15  0:38  Assimilator  
  15  0:40  Probe  
  17  0:50  Gateway, Probe  
  18  0:58  Probe  
  19  1:06  Probe  
  20  1:17  Probe  
  21  1:32  Nexus  
  21  1:41  Cybernetics Core  
  21  1:44  Probe  
  22  1:50  Assimilator  
  22  1:56  Pylon  
  22  1:58  Probe  
  23  2:10  Adept  
  23  2:14  Probe  
  24  2:20  Stargate  
  26  2:24  Warp Gate  
  26  2:26  Probe  
  27  2:35  Adept  
  27  2:38  Probe  
  27  2:43  Probe  
  30  2:51  Probe x2  
  32  2:58  Phoenix  
  33  3:01  Probe  
  33  3:03  Probe  
  37  3:13  Probe  
  37  3:14  Gateway  
  37  3:15  Probe  
  37  3:19  Oracle  
  39  3:21  Pylon  
  39  3:25  Probe  
  43  3:27  Probe  
  44  3:36  Assimilator  
  44  3:37  Probe  
  44  3:38  Assimilator  
  44  3:39  Probe  
  46  3:48  Robotics Facility  
  46  3:49  Probe  
  46  3:51  Probe  
  48  3:57  Probe  
  48  4:02  Twilight Council  
  49  4:03  Probe  
  49  4:06  Probe  
  51  4:15  Probe, Pylon  
  52  4:22  Gateway  
  52  4:25  Gateway, Warp Prism  
  52  4:33  Zealot  
  56  4:39  Charge, Templar Archives  
  56  4:47  Probe  
  56  4:48  Probe  
  58  4:53  Pylon  
  58  4:59  Probe  
  59  5:00  Probe  
  59  5:01  Nexus  
  61  5:15  Gateway  
  61  5:16  Gateway  
  61  5:19  Pylon  
  61  5:24  High Templar x4  
  61  5:28  Archon x2  
  68  5:30  Probe x2  
  68  5:32  Shield Battery  
  70  5:36  Observer, Pylon  
  70  5:38  Pylon  
  71  5:43  Forge  
  71  5:44  Probe x2  
  71  5:48  Immortal  
  74  5:58  Robotics Facility  
  77  6:04  Probe x2  
  79  6:14  Sentry x2  
  79  6:17  Probe x2  
  86  6:18  Probe  
  86  6:22  Zealot x3  
  86  6:23  Zealot  
  86  6:24  Immortal  
  94  6:29  Probe  
  99  6:40  Probe  
  99  6:41  Sentry, Probe  
  99  6:42  Assimilator  
  99  6:45  Assimilator  
  99  6:46  Probe  
  104  6:53  Probe  
  105  6:55  Sentry  
  105  6:56  Zealot  
  105  7:00  Pylon  
  105  7:01  Pylon  
  109  7:03  Pylon  
  109  7:18  Immortal, Probe x3  
  109  7:19  Immortal  
  114  7:27  Zealot x4  
  120  7:30  Probe x3  
  123  7:38  Zealot x2  
  123  7:42  Probe  
  128  7:46  Pylon  
  128  7:49  Shield Battery, Observer  
  128  7:54  Probe x2  
  130  7:59  Pylon  
  130  8:00  Pylon  
  130  8:02  Phoenix  
  124  8:06  Stalker x2  
  124  8:07  Stalker  
  124  8:11  Stalker  
  124  8:12  Stalker  
  103  8:32  High Templar x4  
Tags
 
Add a new tag
Caveats
  • Supply blocks, unpowered buildings, or Contaminate may cause inaccurate times.
  • Supply counts are checked every 10 seconds.